 Dungeon Sprint DCSS version 0.28.0-43-g3370ac3207 (webtiles) character file.

Game seed: 15290585937100276021

13490 boopmooplesden the Executioner (level 11, -1/150 HPs)
             Began as a Minotaur Berserker on Mar 16, 2022.
             Was the Champion of Trog.
             Slain by a 12-headed hydra (2 damage)
             ... while paralysed by a floating eye
             ... in the Dungeon (Sprint I: "Red Sonja").
             The game lasted 00:08:19 (2462 turns).

boopmooplesden the Executioner (Minotaur Berserker) Turns: 2462, Time: 00:08:20

Health: -1/150     AC:  7    Str: 18      XL:     11   Next: 76%
Magic:  0/10       EV:  2    Int:  2 (3)  God:    Trog [******]
Gold:   569        SH:  0    Dex: 22      Spells: 10/10 levels left

rFire   + . .      SeeInvis .   z - +7 battleaxe (flame)
rCold   + . .      Faith    .   (shield currently unavailable)
rNeg    + . .      Spirit   +   j - +2 leather armour {rN+}
rPois   .          Reflect  .   n - -2 hat "Dekinif" {rCorr Dex-3 Slay+5 Stlth+}
rElec   +          Harm     .   x - scarf {rC+ rF+}
rCorr   +          Rampage  .   w - +0 pair of gloves {Dex+3}
Will    .....      NoTele   +   v - +1 pair of boots {Fly}
Stlth   ..........              s - amulet of Lujoshru {Spirit rElec Int-3 Dex+4 Stlth+}
HPRegen 0.35/turn               l - +6 ring of dexterity
MPRegen 0.12/turn               (no ring)

@: paralysed, berserking, flying, unable to read
A: horns 2, retaliatory headbutt, deformed body, deterioration 2, frail 2,
screaming 2, weak 2, inability to read while threatened
a: Renounce Religion, Berserk, Trog's Hand, Brothers in Arms


You were in the Dungeon.
You worshipped Trog.
Trog was exalted by your worship.
You visited 1 branch You collected 2556 gold pieces.
You spent 1987 gold pieces at shops.

Inventory:

Hand Weapons
 a - a +0 hand axe of freezing
 q - a +5 antimagic battleaxe
 y - a +3 vorpal executioner's axe
 z - a +7 battleaxe of flaming (weapon)
Armour
 b - a +0 animal skin
 j - a +2 leather armour of positive energy (worn)
 n - the -2 hat "Dekinif" (worn) {rCorr Dex-3 Slay+5 Stlth+}
   (You acquired it in the Dungeon)

   Dex:       It affects your dexterity (-3).
   Slay:      It affects your accuracy & damage with ranged weapons and melee
   (+5).
   rCorr:     It protects you from acid and corrosion.
   Stlth:     It makes you more stealthy.
 v - a +1 pair of boots of flying (worn)
 w - a +0 pair of gloves of dexterity (worn)
 x - a scarf of resistance (worn)
Jewellery
 l - a +6 ring of dexterity (left hand)
 s - the amulet of Lujoshru (around neck) {Spirit rElec Int-3 Dex+4 Stlth+}
   (You acquired it in the Dungeon)

   [amulet of guardian spirit]

   It causes incoming damage to be divided between your reserves of health and
   magic.
   Int:       It affects your intelligence (-3).
   Dex:       It affects your dexterity (+4).
   rElec:     It insulates you from electricity.
   Stlth:     It makes you more stealthy.
Wands
 i - a wand of iceblast (9)
Scrolls
 h - a scroll of blinking
 k - 4 scrolls of identify
 u - a scroll of vulnerability {unknown}
Potions
 c - 3 potions of curing
 d - a potion of heal wounds
 e - a potion of haste
 f - 2 potions of magic
 g - a potion of berserk rage
 m - a potion of might {unknown}
 o - a potion of ambrosia {unknown}
 p - a potion of attraction {unknown}
 t - 2 potions of resistance
Miscellaneous
 r - a phantom mirror


   Skills:
 + Level 20.7 Fighting
 + Level 22.4 Axes
 + Level 11.0 Armour
 + Level 12.2 Dodging
 + Level 4.7 Stealth


You had 10 spell levels left.
You didn't know any spells.
Your spell library was empty.

Dungeon Overview and Level Annotations

Branches:
Dungeon (1/1)

Altars:
Cheibriados
Dithmenos
Elyvilon
Fedhas
Gozag
Hepliaklqana
Kikubaaqudgha
Makhleb
Nemelex Xobeh
Okawaru
Qazlal
Ru
Sif Muna
Trog
Uskayaw
Vehumet
Wu Jian
Xom
Yredelemnul
Zin
The Shining One
Jiyva
Lugonu

Shops:
D *[?*?*?[=!*:=**:*:![*


Innate Abilities, Weirdness & Mutations

You have a pair of horns on your head.
You reflexively headbutt those who attack you in melee.
Armour fits poorly on your strangely shaped body.
Your body often deteriorates upon taking damage.
You are very frail. (-20% HP)
You frequently scream uncontrollably at your foes.
You are very weak. (Str -4)
You sometimes lose the ability to read scrolls when taking damage.


Message History

You feel threatened and lose the ability to read scrolls!
The 12-headed hydra barely misses you. The floating eye seems to glare at you.
Found 54 gold pieces.
Unknown command.
A red film seems to cover your vision as you go berserk!
You feel yourself moving faster!
You feel mighty! The 12-headed hydra bites you.
The 12-headed hydra completely misses you.
The 12-headed hydra misses you. The 12-headed hydra bites you.
The 12-headed hydra misses you. x2; The 12-headed hydra closely misses you. x2
The 12-headed hydra barely misses you. The 12-headed hydra misses you.
The 12-headed hydra barely misses you. The 12-headed hydra misses you.
The floating eye gazes piercingly through you!
You suddenly lose the ability to move!
The 12-headed hydra barely misses you.
The 12-headed hydra bites you but does no damage.
The 12-headed hydra bites you! x2; The 12-headed hydra bites you.
The 12-headed hydra bites you!
The 12-headed hydra bites you but does no damage.
The 12-headed hydra bites you. The 12-headed hydra bites you!
The 12-headed hydra bites you but does no damage.
The 12-headed hydra bites you. The 12-headed hydra barely misses you.
The floating eye seems to glare at you. The 12-headed hydra bites you.
The 12-headed hydra bites you!
* * * LOW HITPOINT WARNING * * *
The 12-headed hydra bites you.
* * * LOW HITPOINT WARNING * * *
The 12-headed hydra bites you but does no damage.
The 12-headed hydra barely misses you. The 12-headed hydra bites you.
* * * LOW HITPOINT WARNING * * *
The 12-headed hydra bites you but does no damage.
The 12-headed hydra bites you!
* * * LOW HITPOINT WARNING * * *
The 12-headed hydra bites you!
* * * LOW HITPOINT WARNING * * *
The 12-headed hydra bites you!
* * * LOW HITPOINT WARNING * * *
The 12-headed hydra bites you.
You die...

#####################
..#()#§§§§§§§§§.@DG$#
..##'#§####§§§§§##$.+
.†)..#§# ##.§§######
###.§§§# ###§# [[##
.##'#### #§##$$$#
.#..° #..###$# .#..°°
##.#A#$# '###°.○
#..###$# .'.#○°°#
#.##..$#


You could see a 12-headed hydra and a floating eye (charged).

Vanquished Creatures
  2 centaur warriors (D)
  Sonja (D)
  A deep troll (D)
  A lindwurm (D)
  An oklob plant (D)
  8 shining eyes (D)
  A gargoyle (D)
  5 unseen horrors (D)
  2 kobold demonologists (D)
  4 demonic crawlers (D)
  A hornet (D)
  A slime creature (D)
  13 hogs (D)
  A yak (D)
  Sigmund (D)
  2 redbacks (D)
  6 floating eyes (D)
  An ogre (D)
  7 necrophages (D)
  8 jellies (D)
  Ijyb (D)
68 creatures vanquished.

Vanquished Creatures (others)
  2 ballistomycete spores (D)
2 creatures vanquished.

Grand Total: 70 creatures vanquished

Notes
Turn   | Place    | Note
-------+----------+-------------------------------------------
     0 | D        | boopmooplesden the Minotaur Berserker began the quest for
                  | the Orb.
     0 | D        | Reached XP level 1. HP: 19/19 MP: 0/0
     1 | D        | Noticed Ijyb
     7 | D        | Killed Ijyb
     8 | D        | Reached skill level 5 in Fighting
     8 | D        | Reached skill level 5 in Axes
     8 | D        | Reached XP level 2. HP: 29/29 MP: 1/1
    60 | D        | Noticed an ogre
    63 | D        | Killed an ogre
    64 | D        | Reached skill level 8 in Axes
    64 | D        | Reached XP level 3. HP: 37/40 MP: 2/2
    64 | D        | Reached XP level 4. HP: 44/48 MP: 3/3
   166 | D        | Noticed Sigmund
   172 | D        | Killed Sigmund
   172 | D        | Reached ** piety under Trog
   173 | D        | Reached skill level 10 in Axes
   173 | D        | Reached skill level 5 in Dodging
   173 | D        | Reached XP level 5. HP: 58/58 MP: 4/4
   234 | D        | Found a burning altar of Makhleb.
   234 | D        | Found a viscous altar of Jiyva.
   234 | D        | Found a shimmering altar of Xom.
   234 | D        | Found a corrupted altar of Lugonu.
   234 | D        | Noticed a slime creature
   243 | D        | Killed a slime creature
   244 | D        | Reached skill level 11 in Axes
   244 | D        | Reached skill level 5 in Armour
   244 | D        | Reached XP level 6. HP: 59/68 MP: 5/5
   371 | D        | Noticed a kobold demonologist
   371 | D        | Noticed a floating eye
   372 | D        | Noticed a kobold demonologist
   379 | D        | Killed a kobold demonologist
   380 | D        | Reached skill level 12 in Axes
   380 | D        | Reached XP level 7. HP: 77/77 MP: 6/6
   381 | D        | Reached *** piety under Trog
   382 | D        | Reached skill level 13 in Axes
   387 | D        | Noticed a soul eater
   387 | D        | Killed a kobold demonologist
   388 | D        | Reached XP level 8. HP: 86/86 MP: 7/7
   431 | D        | Found an ornate altar of the Wu Jian Council.
   431 | D        | Found a shimmering blue altar of Sif Muna.
   433 | D        | Found a radiant altar of Vehumet.
   465 | D        | Found Velev's Assorted Antiques.
   465 | D        | Found an ancient bone altar of Kikubaaqudgha.
   465 | D        | Found a hazy altar of Hepliaklqana.
   465 | D        | Found a stormy altar of Qazlal.
   465 | D        | Found a hide-covered altar of Uskayaw.
   465 | D        | Found a blossoming altar of Fedhas.
   465 | D        | Found a bloodstained altar of Trog.
   465 | D        | Found an iron altar of Okawaru.
   465 | D        | Found a basalt altar of Yredelemnul.
   465 | D        | Found a glowing golden altar of the Shining One.
   465 | D        | Found a snail-covered altar of Cheibriados.
   465 | D        | Found a sacrificial altar of Ru.
   465 | D        | Found a glowing silver altar of Zin.
   465 | D        | Found a shadowy altar of Dithmenos.
   465 | D        | Found a white marble altar of Elyvilon.
   472 | D        | Reached **** piety under Trog
   473 | D        | Reached skill level 14 in Axes
   473 | D        | Found an opulent altar of Gozag.
   474 | D        | Found a sparkling altar of Nemelex Xobeh.
   478 | D        | Bought a scroll labelled LYULATT RAOXT for 28 gold pieces
   478 | D        | Bought a scroll labelled KER ZAZXOS for 28 gold pieces
   478 | D        | Bought a scroll labelled KER ZAZXOS for 28 gold pieces
   572 | D        | Noticed a centaur warrior
   572 | D        | Noticed a centaur warrior
   580 | D        | Killed a centaur warrior
   581 | D        | Reached skill level 15 in Axes
   583 | D        | Killed a centaur warrior
   584 | D        | Reached skill level 15 in Fighting
   584 | D        | Reached skill level 16 in Axes
   584 | D        | Reached XP level 9. HP: 58/97 MP: 8/8
   811 | D        | Identified a scroll of acquirement
   811 | D        | Acquired the -2 hat "Dekinif" {rCorr Dex-3 Slay+5 Stlth+}
   821 | D        | Noticed a deep troll
   829 | D        | Killed a deep troll
   845 | D        | Found Rism's Armour Emporium.
   877 | D        | Noticed an oklob plant
   882 | D        | Killed an oklob plant
   883 | D        | Reached skill level 17 in Axes
   937 | D        | Reached skill level 10 in Dodging
  1083 | D        | Killed an unseen horror
  1083 | D        | Reached ***** piety under Trog
  1084 | D        | Reached XP level 10. HP: 111/111 MP: 9/9
  1091 | D        | Received a gift from Trog
  1105 | D        | Reached skill level 18 in Axes
  1124 | D        | Reached skill level 1 in Stealth
  1133 | D        | Received a gift from Trog
  1161 | D        | Found Qeschavvi's Armour Shoppe.
  1161 | D        | Found Naygal's Magic Scroll Shop.
  1161 | D        | Found Yxkau's Jewellery Boutique.
  1163 | D        | Found Fuv Kimea's Distillery.
  1163 | D        | Found Ygiceam's General Store.
  1163 | D        | Found Mof Olai's Book Shoppe.
  1163 | D        | Found Xeuruc's Jewellery Boutique.
  1163 | D        | Found Tagymuos's General Store.
  1163 | D        | Found Uludeva's Assorted Antiques.
  1163 | D        | Found Xaecriko's Book Shoppe.
  1167 | D        | Bought a scroll of acquirement for 520 gold pieces
  1167 | D        | Bought a scroll of acquirement for 520 gold pieces
  1170 | D        | Acquired 432 gold pieces
  1172 | D        | Acquired the amulet of Lujoshru {Spirit rElec Int-3 Dex+4
                  | Stlth+}
  1182 | D        | Found Vozunute's General Store.
  1183 | D        | Bought a potion of resistance for 130 gold pieces
  1183 | D        | Bought a potion of resistance for 130 gold pieces
  1183 | D        | Found Ehiwketh's Distillery.
  1183 | D        | Found Dannem's Book Boutique.
  1184 | D        | Found Mafoskir's General Store.
  1227 | D        | Noticed Sonja
  1232 | D        | Killed Sonja
  1288 | D        | Found Butsib's Assorted Antiques.
  1298 | D        | Noticed a shining eye
  1298 | D        | Noticed a shining eye
  1298 | D        | Noticed a shining eye
  1298 | D        | Noticed a shining eye
  1298 | D        | Noticed a shining eye
  1298 | D        | Noticed a shining eye
  1300 | D        | Gained mutation: You occasionally shout uncontrollably at
                  | your foes. [a shining eye]
  1301 | D        | Reached ****** piety under Trog
  1301 | D        | Gained mutation: Your body sometimes deteriorates upon
                  | taking damage. [a shining eye]
  1304 | D        | Reached skill level 19 in Axes
  1304 | D        | Gained mutation: Armour fits poorly on your strangely
                  | shaped body. [a shining eye]
  1305 | D        | Killed a shining eye
  1305 | D        | Gained mutation: Your body often deteriorates upon taking
                  | damage. [a shining eye]
  1306 | D        | Noticed a shining eye
  1306 | D        | Noticed a shining eye
  1306 | D        | Paralysed by a floating eye for 2 turns
  1306 | D        | Gained mutation: You sometimes lose the ability to read
                  | scrolls when taking damage. [a shining eye]
  1310 | D        | Received a gift from Trog
  1310 | D        | Gained mutation: Your magical capacity is low. (-10% MP) [a
                  | shining eye]
  1311 | D        | Reached skill level 10 in Armour
  1311 | D        | Killed a shining eye
  1312 | D        | Killed a shining eye
  1313 | D        | Gained mutation: You do not regenerate when monsters are
                  | visible. [a shining eye]
  1313 | D        | Gained mutation: You are weak. (Str -2) [a shining eye]
  1314 | D        | Gained mutation: Your spells are a little easier to cast,
                  | but a little less powerful. [a shining eye]
  1315 | D        | Lost mutation: Your magical capacity is low. (-10% MP) [a
                  | shining eye]
  1315 | D        | Gained mutation: You are very weak. (Str -4) [a shining
                  | eye]
  1316 | D        | Gained mutation: You are frail. (-10% HP) [a shining eye]
  1317 | D        | Gained mutation: You are very frail. (-20% HP) [a shining
                  | eye]
  1318 | D        | Killed a shining eye
  1319 | D        | Reached skill level 20 in Axes
  1319 | D        | Killed a shining eye
  1320 | D        | Reached XP level 11. HP: 97/97 MP: 2/10
  1320 | D        | Killed a shining eye
  1320 | D        | Gained mutation: You are extremely frail. (-30% HP) [a
                  | shining eye]
  1322 | D        | Killed a shining eye
  1324 | D        | Killed a shining eye
  1324 | D        | Received a gift from Trog
  1369 | D        | Bought a potion of mutation for 88 gold pieces
  1369 | D        | Lost mutation: You are extremely frail. (-30% HP) [potion
                  | of mutation]
  1369 | D        | Lost mutation: You do not regenerate when monsters are
                  | visible. [potion of mutation]
  1369 | D        | Lost mutation: Your spells are a little easier to cast, but
                  | a little less powerful. [potion of mutation]
  1369 | D        | Gained mutation: You frequently scream uncontrollably at
                  | your foes. [potion of mutation]
  1424 | D        | Found Won Cus's Magic Scroll Shop.
  1424 | D        | Found Dihogesh's Antique Armour Shoppe.
  1424 | D        | Found Giast's Assorted Antiques.
  1424 | D        | Found Jyof Raid's Magic Scroll Emporium.
  1439 | D        | Bought a pair of embroidered boots for 240 gold pieces
  1497 | D        | Bought a +0 pair of gloves of dexterity for 115 gold pieces
  1552 | D        | Bought a glowing scarf for 160 gold pieces
  1605 | D        | Reached skill level 21 in Axes
  1771 | D        | Noticed a lindwurm
  1773 | D        | Killed a lindwurm
  1934 | D        | Received a gift from Trog
  1947 | D        | Received a gift from Trog
  1954 | D        | Reached skill level 22 in Axes
  2120 | D        | Noticed a daeva
  2189 | D        | Received a gift from Trog
  2459 | D        | Noticed a 12-headed hydra
  2460 | D        | Paralysed by a floating eye for 4 turns
  2462 | D        | HP: 1/150 [12-headed hydra (11)]
  2462 | D        | Slain by a 12-headed hydra

Illustrated notes

Levels and vault maps discovered:
D:        dungeon_sprint_1 [red_sonja_temple_1, red_sonja_temple_small_1]

Skill      XL: |  1  2  3  4  5  6  7  8  9 10 11 |
---------------+----------------------------------+-----
Fighting       | 5 7 9 11 12 13 15 17 19 20 | 20.7
Axes           | 5 8 10 11 12 13 16 17 20 22 | 22.4
Armour         | 3 4 5 6 7 8 9 10 11 | 11.0
Dodging        | 3 5 6 7 9 10 11 12 | 12.2
Stealth        | 3 4 |  4.7

Action                   |  1- 3 |  4- 6 |  7- 9 | 10-12 || total
-------------------------+-------+-------+-------+-------++-------
Melee: Hand axe          |     8 |    19 |    40 |     5 ||    72
       Headbutt          |       |     3 |    12 |    18 ||    33
       Battleaxe         |       |       |       |    93 ||    93
Invok: Berserk           |     2 |     3 |     5 |     4 ||    14
  Use: Scroll            |       |       |     3 |     2 ||     5
       Potion            |       |       |       |     1 ||     1
 Stab: Sleeping          |       |       |       |     1 ||     1
Armor: Leather armour    |       |       |    10 |    13 ||    23
Dodge: Dodged            |     2 |     1 |    17 |    93 ||   113
